Map: Ujari

Players

billythekid

  • Race: Protoss Protoss
  • League: Platinum
  • Spawn Location: 3:00

charlie

  • Race: Protoss Protoss
  • League: Diamond
  • Spawn Location: 3:00

Jimmy

  • Race: Protoss Protoss
  • League: Master
  • Spawn Location: 0:00

panzz - Winner!

  • Race: Terran Terran
  • League: Gold
  • Spawn Location: 9:00

Abome - Winner!

  • Race: Zerg Zerg
  • Spawn Location: 0:00

Metasapien - Winner!

  • Race: Zerg Zerg
  • League: Platinum
  • Spawn Location: 9:00

VOD

Have the link to the VOD?

Description

Time

  • Played on: Sept. 24, 2017, 5:33 a.m.
  • Length: 16:51
Show
View Real Time Build Order
Export as new Build Order

billythekid Protoss 

Build Orders: Nexus First 

Get SALT Encoding   

  12  0:34  Probe (Chrono Boost)  
  13  0:52  Probe (Chrono Boost)  
  13  0:55  Nexus  
  14  1:03  Probe (Chrono Boost)  
  15  1:04  Pylon  
  15  1:26  Forge  
  15  1:29  Probe (Chrono Boost)  
  16  1:34  Assimilator  
  16  1:39  Probe (Chrono Boost)  
  17  1:48  Pylon  
  17  1:50  Probe (Chrono Boost)  
  18  1:58  Gateway  
  18  2:02  Photon Cannon  
  18  2:09  Probe (Chrono Boost)  
  19  2:16  Probe (Chrono Boost)  
  19  2:20  Probe (Chrono Boost)  
  21  2:23  Assimilator  
  21  2:26  Probe (Chrono Boost)  
  22  2:34  Probe (Chrono Boost)  
  23  2:37  Probe (Chrono Boost)  
  24  2:44  Probe (Chrono Boost)  
  24  2:48  Probe (Chrono Boost)  
  26  2:55  Probe (Chrono Boost)  
  26  2:58  Probe (Chrono Boost)  
  28  3:09  Cybernetics Core  
  28  3:12  Probe x2 (Chrono Boost)  
  30  3:14  Protoss Ground Weapons Level 1  
  30  3:20  Assimilator  
  30  3:22  Probe x2 (Chrono Boost)  
  30  3:24  Assimilator  
  32  3:33  Probe x2 (Chrono Boost)  
  33  3:42  Photon Cannon  
  33  3:43  Probe (Chrono Boost)  
  36  3:48  Mothership Core (Chrono Boost)  
  36  3:56  Probe (Chrono Boost)  
  37  4:06  Pylon  
  37  4:07  Probe x2 (Chrono Boost)  
  37  4:08  Pylon  
  39  4:14  Pylon  
  39  4:17  Probe (Chrono Boost)  
  39  4:19  Probe (Chrono Boost)  
  41  4:28  Probe (Chrono Boost)  
  41  4:29  Probe (Chrono Boost)  
  43  4:36  Warp Gate (Chrono Boost), Probe (Chrono Boost)  
  44  4:40  Probe  
  45  4:47  Probe, Gateway  
  45  4:48  Gateway  
  46  4:53  Gateway x2  
  46  5:01  Photon Cannon  
  46  5:08  Protoss Ground Armor Level 1 (Chrono Boost)  
  45  5:17  Zealot  
  47  5:37  Photon Cannon  
  47  5:40  Nexus  
  47  5:42  Zealot x4  
  55  5:44  Zealot  
  57  5:54  Twilight Council  
  55  6:22  Charge (Chrono Boost)  
  55  6:25  Photon Cannon  
  55  6:39  Zealot x5  
  65  6:47  Protoss Ground Weapons Level 2 (Chrono Boost)  
  65  7:00  Templar Archives  
  65  7:07  Probe x2, Pylon  
  65  7:08  Probe  
  67  7:09  Pylon  
  67  7:10  Pylon  
  67  7:12  Pylon x2  
  67  7:14  Pylon  
  68  7:18  Probe  
  68  7:19  Probe  
  68  7:20  Probe  
  71  7:25  Stalker x4  
  71  7:26  Stalker  
  71  7:29  Probe  
  81  7:32  Probe x2  
  81  7:35  Assimilator  
  84  7:37  Assimilator  
  84  7:42  Psionic Storm  
  84  7:44  Probe  
  85  7:50  High Templar x2  
  85  7:51  High Templar x3  
  95  8:06  Robotics Facility  
  95  8:09  Robotics Facility  
  95  8:10  Robotics Facility  
  95  8:12  Probe x2  
  97  8:25  Nexus  
  93  9:00  Warp Prism  
  93  9:01  Immortal x2  
  103  9:09  Stalker x2  
  107  9:10  Robotics Bay, Stalker x2  
  107  9:15  Blink  
  111  9:35  Zealot x4  
  111  9:36  Immortal, Zealot  
  125  10:21  Colossus x3  
  125  10:25  Stalker  
  125  10:26  Stalker  
  147  10:41  Pylon, Extended Thermal Lance  
  147  10:42  Pylon  
  147  10:44  Pylon x2  
  147  10:46  Pylon  
  97  11:30  Colossus x3  
  115  11:34  Zealot x5  
  125  11:43  Assimilator x2  
  125  12:03  Pylon  
  125  12:07  Pylon  
  125  12:13  Pylon  
  125  12:15  High Templar x2  
  125  12:16  High Templar x3  
  135  12:31  Immortal x3  
  135  12:33  Observer Gravitic Boosters  
  147  12:58  Photon Cannon  
  147  13:00  Photon Cannon  
  147  13:03  Photon Cannon  
  147  13:06  Photon Cannon  
  147  13:10  Observer x2, Photon Cannon  
  149  13:13  Photon Cannon  
  149  13:17  Photon Cannon  
  149  13:21  Photon Cannon  
  149  13:25  Photon Cannon  
  121  13:57  Stalker x4  
  121  13:58  Stalker  
  121  14:10  Colossus x3  
  137  14:28  Zealot x4  
  127  15:03  Warp Prism  
  97  15:26  Colossus x2  
  89  15:29  Zealot x3  
  89  15:30  Zealot  
  97  15:39  Colossus  
  103  15:54  Gateway  
  103  15:55  Gateway  
  103  15:57  Gateway  
  103  15:59  Gateway  
  103  16:00  Zealot  
  103  16:01  Zealot x3  
  103  16:02  Gateway  
  111  16:06  Gateway  
  111  16:07  Gateway  
  111  16:22  Zealot x3  
  111  16:23  Zealot  
Show
View Real Time Build Order
Export as new Build Order

charlie Protoss 

Build Orders: Blink Stalkers 

Get SALT Encoding   

  12  0:01  Probe (Chrono Boost)  
  13  0:15  Pylon  
  13  0:18  Probe (Chrono Boost)  
  14  0:28  Assimilator  
  14  0:29  Probe (Chrono Boost)  
  15  0:44  Gateway  
  15  0:46  Probe (Chrono Boost)  
  17  0:57  Probe (Chrono Boost)  
  17  1:05  Assimilator  
  17  1:07  Probe (Chrono Boost)  
  18  1:23  Probe (Chrono Boost)  
  19  1:35  Zealot  
  19  1:39  Probe (Chrono Boost)  
  22  1:49  Nexus  
  22  1:53  Probe (Chrono Boost)  
  23  2:07  Cybernetics Core  
  23  2:44  Warp Gate  
  23  2:46  Gateway  
  23  2:50  Gateway  
  23  2:54  Twilight Council  
  23  3:00  Probe (Chrono Boost)  
  23  3:05  Stalker  
  26  3:10  Probe (Chrono Boost)  
  26  3:11  Probe (Chrono Boost)  
  28  3:17  Pylon  
  28  3:31  Blink (Chrono Boost)  
  28  3:38  Stalker (Chrono Boost)  
  30  3:43  Probe  
  30  3:45  Probe  
  32  3:56  Pylon  
  32  3:57  Stalker (Chrono Boost)  
  34  4:04  Stalker (Chrono Boost)  
  36  4:14  Stalker  
  38  4:42  Mothership Core  
  40  5:00  Stalker x2  
  40  5:01  Stalker  
  36  5:34  Probe  
  35  5:35  Probe  
  35  5:38  Pylon  
  35  5:42  Charge (Chrono Boost)  
  32  5:43  Forge  
  32  5:45  Probe  
  32  5:47  Probe  
  32  5:49  Stalker x2  
  36  5:50  Stalker  
  36  5:55  Probe  
  39  6:00  Probe  
  40  6:06  Probe  
  33  6:20  Stalker x3  
  33  6:21  Probe  
  33  6:22  Protoss Ground Weapons Level 1  
  33  6:23  Probe  
  41  6:31  Mothership Core  
  41  6:35  Probe  
  44  6:47  Stalker x3  
  46  6:50  Probe, Photon Cannon  
  46  6:51  Probe  
  46  6:53  Assimilator  
  52  7:00  Pylon  
  52  7:03  Probe  
  52  7:08  Probe, Pylon  
  53  7:09  Photon Cannon  
  53  7:13  Assimilator  
  54  7:15  Probe  
  54  7:17  Stalker x2  
  54  7:20  Stalker  
  61  7:28  Probe  
  62  7:30  Probe, Gateway  
  63  7:53  Stalker x3  
  69  7:59  Photon Cannon  
  69  8:08  Gateway  
  69  8:12  Templar Archives  
  69  8:25  Stalker  
  69  8:26  Stalker x2  
  75  8:27  Protoss Ground Weapons Level 2 (Chrono Boost)  
  75  8:41  Stalker  
  77  8:55  Psionic Storm  
  77  9:15  Nexus  
  77  9:17  Pylon  
  77  9:19  Pylon  
  77  9:21  Pylon  
  77  9:23  Pylon  
  77  9:29  Assimilator  
  77  9:33  Assimilator  
  77  9:40  High Templar x2  
  77  9:42  High Templar, Robotics Facility x2  
  77  9:43  High Templar  
  77  9:45  Archon  
  85  9:46  Archon  
  43  10:14  High Templar  
  43  10:15  High Templar  
  43  10:17  Zealot x2  
  43  10:18  Zealot  
  43  10:20  Archon  
  43  10:41  High Templar  
  43  10:42  High Templar, Zealot  
  43  10:46  Archon  
  39  10:59  Pylon  
  39  11:03  Zealot  
  39  11:07  Probe  
  39  11:08  Probe x2  
  42  11:17  Probe  
  42  11:18  Probe, Zealot x2  
  44  11:20  Probe  
  44  11:25  Pylon  
  49  11:27  Zealot  
  49  11:28  Probe  
  52  11:34  Gateway x2  
  52  11:39  Probe x2  
  52  11:40  Probe, Gateway  
  52  11:41  Assimilator  
  55  11:49  Zealot  
  55  11:50  Zealot x2  
  55  11:52  Probe  
  62  12:08  Photon Cannon  
  62  12:11  Photon Cannon  
  62  12:12  High Templar  
  62  12:13  High Templar  
  66  12:18  Protoss Ground Weapons Level 3 (Chrono Boost)  
  66  12:19  Probe x2  
  66  12:20  Probe  
  69  12:32  Immortal  
  73  12:40  Robotics Facility  
  61  12:44  High Templar x2  
  61  12:45  High Templar x2  
  61  12:48  High Templar  
  61  12:49  Zealot  
  65  12:51  Archon x2  
  61  13:17  Zealot  
  46  13:30  Zealot x2  
  46  13:31  Zealot x2  
  46  13:32  Zealot  
  54  13:43  Probe x2  
  54  13:44  Probe  
  51  13:54  Probe x2, Robotics Facility  
  52  13:55  Robotics Facility  
  52  13:57  Zealot x3  
  52  13:59  Pylon  
  59  14:15  Nexus  
  59  14:18  Zealot  
  59  14:19  Zealot x2  
  59  14:23  Pylon  
  65  14:29  Assimilator  
  65  14:35  Assimilator  
  65  14:37  Zealot x2  
  69  14:39  Zealot x2  
  69  14:40  Zealot  
  63  15:07  Zealot  
  63  15:08  Zealot x4  
Show
View Real Time Build Order
Export as new Build Order

Jimmy Protoss 

Build Orders: Zealot Archon, Dark Templar Rush 

Get SALT Encoding   

  12  0:01  Probe (Chrono Boost)  
  13  0:12  Probe (Chrono Boost)  
  14  0:19  Pylon  
  14  0:27  Probe (Chrono Boost)  
  15  0:38  Probe (Chrono Boost)  
  16  0:47  Gateway  
  16  0:48  Probe (Chrono Boost), Assimilator  
  17  1:05  Probe (Chrono Boost)  
  18  1:15  Probe (Chrono Boost), Assimilator  
  19  1:21  Pylon  
  19  1:26  Probe (Chrono Boost)  
  20  1:36  Probe (Chrono Boost)  
  20  1:39  Cybernetics Core  
  22  1:47  Probe (Chrono Boost)  
  22  1:53  Gateway  
  22  1:57  Probe (Chrono Boost)  
  23  2:08  Probe (Chrono Boost)  
  24  2:16  Warp Gate (Chrono Boost)  
  24  2:18  Probe  
  24  2:19  Twilight Council  
  25  2:30  Probe  
  25  2:47  Pylon, Mothership Core  
  27  3:00  Dark Shrine  
  27  3:12  Nexus  
  27  3:17  Gateway  
  27  3:22  Pylon  
  27  3:26  Probe  
  27  3:34  Pylon  
  27  3:36  Adept  
  27  3:41  Probe  
  30  4:01  Probe  
  31  4:05  Pylon  
  31  4:14  Dark Templar  
  33  4:17  Dark Templar  
  33  4:18  Dark Templar  
  33  4:21  Probe  
  38  4:29  Probe, Pylon  
  39  4:34  Probe  
  37  4:39  Probe  
  37  4:48  Dark Templar  
  33  5:04  Probe  
  33  5:06  Probe  
  31  5:13  Dark Templar x2  
  35  5:18  Probe  
  36  5:25  Pylon  
  36  5:37  Archon  
  36  5:38  Nexus  
  36  5:43  Probe  
  37  5:51  Dark Templar  
  37  5:55  Probe  
  39  5:59  Gateway  
  34  6:15  Dark Templar  
  34  6:31  Probe  
  35  6:42  Dark Templar  
  35  6:46  Zealot  
  39  6:49  Probe  
  39  6:50  Probe  
  41  6:55  Archon  
  39  7:01  Dark Templar  
  39  7:02  Probe x2  
  43  7:13  Probe  
  43  7:14  Probe  
  45  7:25  Probe  
  45  7:26  Probe  
  47  7:36  Probe  
  47  7:39  Probe  
  47  7:41  Dark Templar  
  47  7:42  Zealot  
  51  7:46  Probe, Gateway  
  51  7:49  Gateway  
  52  7:52  Gateway  
  52  7:54  Archon  
  52  7:57  Probe x2  
  53  8:00  Assimilator  
  53  8:04  Assimilator  
  53  8:05  Charge (Chrono Boost)  
  54  8:07  Probe  
  54  8:10  Probe  
  54  8:11  Dark Templar  
  58  8:18  Probe  
  59  8:22  Probe  
  60  8:28  Probe  
  60  8:34  Probe, Pylon  
  62  8:47  Nexus  
  62  8:48  Templar Archives  
  62  8:54  Pylon  
  62  8:59  Pylon  
  62  9:08  Probe  
  62  9:09  Probe  
  64  9:13  Psionic Storm  
  64  9:17  Assimilator  
  64  9:21  Probe, Assimilator  
  65  9:29  High Templar x2  
  65  9:30  Zealot x3  
  75  9:31  Probe  
  75  9:33  Probe  
  77  9:42  Probe  
  78  9:50  Gateway  
  52  10:01  High Templar  
  52  10:02  High Templar x2  
  58  10:16  Dark Templar  
  58  10:33  Dark Templar  
  47  10:39  Archon  
  47  10:42  Zealot  
  49  11:05  Archon  
  47  11:14  Probe  
  48  11:24  Nexus  
  48  11:26  Probe  
  48  11:30  Nexus  
  47  11:39  Probe  
  48  11:40  Assimilator  
  48  11:42  Forge  
  48  11:45  High Templar x2  
  52  11:51  Probe  
  53  11:56  High Templar  
  55  12:02  Gateway  
  55  12:03  Probe  
  55  12:06  Gateway  
  56  12:08  Pylon  
  56  12:13  Pylon  
  56  12:26  High Templar  
  58  12:36  Probe, Assimilator  
  58  12:37  Probe  
  60  12:45  Assimilator  
  60  12:49  Probe  
  60  12:51  Archon  
  49  12:58  High Templar  
  42  13:00  High Templar  
  42  13:02  Zealot  
  45  13:43  Archon  
  45  13:47  High Templar  
  33  14:30  Nexus  
  33  14:48  Probe  
  34  14:58  Probe  
  33  15:15  Assimilator  
Show
View Real Time Build Order
Export as new Build Order

panzz Terran - Winner!

Build Orders: MMM Bio 

Get SALT Encoding   

  12  0:01  SCV  
  13  0:13  SCV  
  14  0:19  Supply Depot  
  14  0:25  SCV  
  15  0:41  SCV  
  16  0:45  Barracks  
  16  0:52  Refinery  
  16  0:53  SCV  
  17  1:05  SCV  
  18  1:17  SCV  
  19  1:40  Marine  
  19  1:46  Orbital Command, Supply Depot  
  20  1:56  Factory  
  21  2:21  Refinery  
  21  2:23  Barracks Tech Lab  
  21  2:26  SCV  
  21  2:27  Command Center  
  21  2:45  Starport  
  21  2:46  Barracks  
  21  2:47  SCV  
  22  2:51  Marine  
  23  2:59  SCV  
  24  3:10  Stimpack  
  24  3:12  SCV  
  25  3:29  Starport Reactor  
  25  3:32  Engineering Bay  
  25  3:34  SCV  
  25  3:39  Marine x2  
  28  3:42  Orbital Command  
  28  3:46  SCV  
  29  3:57  Marine x2  
  31  4:08  Medivac  
  33  4:11  Medivac  
  33  4:12  Missile Turret  
  33  4:15  Marine x2  
  37  4:21  SCV x2  
  39  4:27  Terran Infantry Weapons Level 1  
  39  4:33  Marine x2  
  36  4:46  SCV x2  
  36  4:51  Marine x2  
  36  4:57  Missile Turret  
  36  4:58  SCV x2  
  36  5:09  Marine x2  
  36  5:10  SCV x2  
  40  5:22  SCV  
  40  5:23  SCV  
  40  5:26  Marine  
  40  5:27  Marine  
  44  5:31  Combat Shields  
  44  5:33  Supply Depot  
  44  5:34  SCV  
  44  5:35  SCV  
  46  5:51  Barracks  
  46  5:53  Barracks  
  46  5:54  Marine x2  
  46  5:56  Supply Depot  
  46  6:12  Marine x2  
  42  6:30  Marine x2  
  44  6:34  SCV x2  
  44  6:39  Supply Depot  
  46  6:46  SCV x2  
  48  6:47  Terran Infantry Armor Level 1  
  48  6:49  Barracks Tech Lab  
  48  6:51  Barracks Tech Lab  
  48  6:54  Barracks Reactor  
  48  6:55  Marine  
  49  7:09  SCV x2  
  49  7:13  Marine  
  52  7:19  Armory  
  52  7:26  Refinery  
  52  7:27  Engineering Bay  
  52  7:30  Marine  
  53  7:37  Medivac x2, Marine x2  
  53  7:38  Marauder x2  
  63  7:48  Marine  
  64  7:55  Marine x2  
  66  7:59  Concussive Shells, Marauder x2  
  70  8:08  Terran Infantry Weapons Level 2  
  70  8:22  Barracks, Supply Depot  
  70  8:23  Barracks  
  70  8:25  Supply Depot  
  70  8:27  Supply Depot  
  70  8:43  Marine x3  
  70  8:44  Marauder x2, SCV  
  70  8:47  SCV  
  79  9:01  Marine x3  
  79  9:02  Command Center  
  82  9:05  Marauder x2  
  86  9:11  Terran Infantry Armor Level 2  
  88  9:19  Marine x2  
  89  9:27  Marauder x2  
  89  9:31  Barracks Reactor  
  92  9:32  Barracks Tech Lab  
  92  9:36  Viking  
  94  9:44  Supply Depot  
  94  9:46  Supply Depot  
  94  10:05  Marauder, Viking, Marine x3  
  94  10:06  Marine  
  102  10:08  Marauder  
  98  10:19  Marine x2  
  100  10:23  Marine x2  
  100  10:24  Marauder x2  
  100  10:27  Marauder  
  108  10:30  Marauder  
  109  10:37  Marine x2  
  109  10:41  Marine x2  
  113  10:44  SCV x2  
  113  10:45  Marauder x2  
  113  10:47  Orbital Command  
  113  10:48  Marauder  
  121  10:50  Marine  
  121  10:54  Marine  
  121  10:56  SCV  
  121  10:57  SCV  
  111  11:00  Marine x2  
  82  11:06  Medivac  
  82  11:07  Medivac, Marauder x2  
  82  11:22  Marine x2  
  82  11:23  Marauder x2, Marine x2  
  90  11:28  Marauder x2  
  94  11:39  Medivac x2  
  98  11:40  Marine x2  
  98  11:45  Supply Depot x2  
  98  11:46  Supply Depot  
  100  11:47  Supply Depot  
  100  12:03  Marauder, Marine x4  
  100  12:04  Marauder x3  
  100  12:05  Terran Infantry Weapons Level 3  
  112  12:21  Marine x4  
  116  12:25  Marauder x2  
  116  12:26  Marine  
  116  12:27  Marauder  
  123  12:34  Supply Depot  
  123  12:35  SCV x2, Supply Depot  
  125  12:38  Marine x2  
  125  12:39  Marine  
  126  12:44  Marauder  
  126  12:46  Marauder x2  
  112  12:54  Marine  
  112  12:55  Marauder  
  112  12:56  Marine x2  
  112  12:57  Marine  
  118  13:06  Marauder  
  118  13:08  Marauder x2  
  118  13:12  Marine  
  123  13:14  Marine  
  121  13:25  Marine x2  
  121  13:26  Marauder  
  123  13:27  Marauder  
  123  13:28  Marine  
  123  13:29  Marauder  
  123  13:30  Marine  
  123  13:32  Marine  
  129  13:39  Viking x2  
  113  13:43  Marine x2  
  113  13:47  Marauder x2, Marine  
  82  13:48  Marauder  
  82  13:50  Marine x2  
  83  14:01  Marine  
  84  14:04  Marine  
  84  14:05  Marine  
  84  14:07  Marine  
  84  14:08  Marauder x2  
  84  14:09  Medivac, Marauder, Viking  
  99  14:10  Marauder  
  99  14:12  Starport  
  98  14:28  Marine x4  
  98  14:29  Marauder  
  98  14:30  Marauder x2  
  110  14:31  Marauder  
  110  14:45  Marine  
  110  14:46  Marine x3  
  110  14:51  Marauder x2  
  118  15:01  Viking  
  120  15:07  Marine x4  
  120  15:08  Marauder x2  
  120  15:12  Marine x2  
  117  15:25  Marine x3  
  117  15:28  Marine  
  119  15:29  Marauder x2, Marine  
  119  15:30  Marine  
  125  15:43  Marine x3  
  125  15:46  Marine  
  125  15:47  Marine x2  
  131  15:50  Marine x2  
  131  15:56  Viking  
  135  15:57  Command Center  
  135  16:00  Marine  
  135  16:01  Marine x2  
  138  16:08  Refinery  
  138  16:26  Refinery  
  138  16:27  Refinery, Marine x2  
  138  16:28  Marine x6  
Show
View Real Time Build Order
Export as new Build Order

Abome Zerg - Winner!

Build Orders: Pool First, Lurkers 

Get SALT Encoding   

  12  0:02  Drone  
  14  0:21  Drone  
  14  0:23  Overlord  
  14  0:25  Extractor  
  14  0:27  Drone, Extractor  
  13  0:32  Drone  
  16  0:59  Spawning Pool  
  15  1:18  Hatchery  
  15  1:24  Overlord, Drone  
  15  1:27  Drone  
  16  1:45  Drone  
  17  1:47  Queen  
  17  1:49  Zergling x2  
  20  2:00  Drone  
  21  2:03  Extractor  
  20  2:27  Overlord  
  20  2:29  Drone  
  21  2:35  Drone  
  22  2:38  Queen  
  22  2:40  Drone x2  
  26  2:49  Drone  
  27  3:04  Drone x3  
  27  3:05  Drone x3, Metabolic Boost  
  33  3:28  Drone x4  
  37  3:34  Spore Crawler  
  37  3:36  Zergling x2  
  37  3:37  Zergling x2  
  37  3:38  Zergling x4  
  37  3:39  Zergling x2  
  37  3:40  Spore Crawler  
  40  3:52  Zergling x6  
  40  3:53  Zergling x2  
  40  3:55  Overlord  
  44  4:00  Lair  
  44  4:03  Spore Crawler x2  
  44  4:09  Zergling x4  
  44  4:25  Overlord  
  44  4:27  Hatchery  
  43  4:42  Drone x3  
  43  4:43  Drone x4  
  48  4:46  Zergling x4  
  48  4:47  Zergling x4  
  40  4:55  Zergling x6  
  32  5:17  Drone x3  
  32  5:18  Drone  
  33  5:31  Overseer  
  33  5:37  Queen  
  35  5:43  Drone  
  35  5:44  Drone x5  
  35  5:47  Drone  
  42  5:55  Drone  
  43  6:06  Zergling x2  
  43  6:07  Zergling x12  
  50  6:12  Queen  
  50  6:13  Spore Crawler, Overseer  
  50  6:16  Zergling x4  
  50  6:17  Queen  
  55  6:22  Zergling x2  
  55  6:23  Zergling x2  
  57  6:51  Overlord x2, Spore Crawler, Spine Crawler  
  57  6:52  Overlord x2  
  55  7:00  Extractor  
  54  7:01  Roach Warren  
  54  7:04  Drone x3  
  54  7:05  Drone x2  
  58  7:13  Drone x3  
  58  7:14  Drone  
  62  7:15  Extractor  
  61  7:27  Zergling x6  
  61  7:28  Zergling x4  
  66  7:45  Zergling x8  
  66  7:46  Zergling x14  
  66  7:50  Overseer  
  66  7:51  Overseer  
  77  7:58  Spine Crawler  
  77  8:00  Roach x4  
  77  8:01  Spine Crawler, Roach  
  77  8:02  Spine Crawler  
  84  8:20  Glial Reconstitution  
  84  8:28  Evolution Chamber x2  
  84  8:30  Overlord x4, Hydralisk Den  
  84  8:31  Drone x5  
  86  8:51  Extractor  
  86  8:53  Extractor  
  84  8:55  Extractor  
  84  8:58  Roach x3  
  84  8:59  Roach x4  
  97  9:25  Drone  
  97  9:26  Drone x6  
  104  9:32  Zerg Melee Weapons Level 1  
  104  9:39  Roach x3  
  104  9:43  Hatchery  
  81  10:11  Roach x7  
  81  10:12  Roach x5  
  81  10:13  Roach  
  103  10:28  Roach x4  
  111  10:29  Roach x2  
  115  10:42  Roach x3  
  121  10:48  Overlord  
  121  10:49  Overlord x2  
  111  11:07  Roach x2  
  111  11:08  Roach x4  
  81  11:33  Overseer x2  
  81  11:34  Overseer x2  
  81  11:41  Lurker Den  
  81  11:42  Ravager  
  81  11:46  Zerg Missile Weapons Level 1  
  82  12:03  Zergling x4  
  82  12:04  Zergling x14  
  82  12:05  Zergling x6  
  94  12:17  Drone x5  
  94  12:18  Drone x3  
  101  12:46  Hatchery  
  81  13:34  Hydralisk x6  
  81  13:35  Hydralisk x3  
  74  14:05  Lurker x5  
  74  14:08  Lurker x2  
  74  14:09  Lurker  
  82  14:11  Hydralisk x6  
  82  14:12  Hydralisk x5  
  82  14:13  Hydralisk x3  
  82  14:17  Muscular Augments  
  110  14:18  Hydralisk x4  
  118  14:51  Infestation Pit  
  118  14:52  Zerg Ground Armor Level 1  
  117  14:57  Extractor  
  117  14:58  Extractor  
  115  16:13  Hydralisk  
  115  16:16  Overlord x4  
Show
View Real Time Build Order
Export as new Build Order

Metasapien Zerg - Winner!

Build Orders: Hatch First, Swarm Host 

Get SALT Encoding   

  12  0:34  Hatchery  
  11  0:37  Overlord  
  11  1:04  Drone, Spawning Pool  
  10  1:07  Drone  
  12  1:24  Drone  
  12  1:25  Drone  
  14  1:33  Drone  
  14  1:36  Extractor  
  14  1:46  Drone  
  15  1:50  Drone  
  16  1:54  Drone  
  16  2:01  Drone  
  18  2:02  Drone  
  19  2:17  Drone  
  19  2:20  Zergling x2  
  21  2:23  Drone, Hatchery  
  21  2:33  Zergling x6  
  24  2:40  Drone  
  25  2:44  Drone  
  25  2:50  Overlord  
  26  2:58  Metabolic Boost  
  26  3:00  Queen  
  26  3:05  Overlord  
  28  3:09  Drone  
  30  3:12  Drone  
  30  3:19  Queen  
  32  3:24  Overlord  
  29  3:37  Drone  
  29  3:38  Drone  
  30  3:46  Drone  
  30  3:48  Drone  
  32  3:49  Queen  
  32  3:52  Lair  
  34  3:56  Extractor  
  34  3:59  Drone x2  
  34  4:00  Drone  
  36  4:04  Drone  
  36  4:05  Drone x2  
  39  4:22  Drone  
  39  4:24  Drone x2  
  42  4:25  Drone  
  42  4:26  Drone  
  42  4:27  Overlord, Drone  
  46  4:31  Zergling x4  
  47  4:44  Zergling x2  
  47  4:45  Zergling x6  
  47  5:01  Zergling x8  
  47  5:02  Zergling x10  
  51  5:19  Zergling x8  
  51  5:20  Zergling x2  
  54  5:23  Queen  
  56  5:32  Queen  
  56  5:35  Roach Warren  
  56  5:36  Drone x2  
  56  5:54  Zergling x2  
  56  5:55  Overlord x3  
  57  6:02  Queen  
  57  6:03  Extractor  
  56  6:05  Extractor  
  45  6:18  Zergling x2  
  45  6:19  Zergling x6  
  45  6:21  Zergling x6  
  52  6:34  Roach x2  
  52  6:35  Roach x4  
  64  6:41  Hydralisk Den  
  64  6:43  Drone, Infestation Pit  
  63  6:48  Drone  
  63  6:49  Evolution Chamber  
  63  6:51  Evolution Chamber  
  61  7:03  Drone x3  
  61  7:05  Drone x4  
  68  7:09  Overlord  
  68  7:10  Overlord  
  65  7:16  Overseer  
  65  7:18  Extractor  
  65  7:19  Extractor  
  59  7:45  Drone x3  
  59  7:47  Drone x3  
  59  7:48  Drone x3  
  59  7:50  Drone x2  
  59  7:51  Drone  
  71  8:03  Overlord x3  
  71  8:04  Overlord  
  71  8:07  Zerg Ground Armor Level 1, Zerg Missile Weapons Level 1  
  71  8:14  Burrow, Pneumatized Carapace  
  71  8:21  Drone  
  71  8:22  Drone x2  
  71  8:25  Drone x3  
  77  8:31  Muscular Augments  
  77  8:37  Swarm Host x4  
  77  8:38  Swarm Host x4  
  88  8:51  Nydus Network  
  88  8:54  Zergling x4  
  88  8:55  Roach x2  
  87  9:03  Hydralisk x3  
  87  9:04  Roach x2  
  87  9:05  Zergling x2  
  87  9:07  Overseer  
  98  9:21  Drone  
  98  9:22  Drone  
  100  9:26  Drone x3  
  100  9:28  Drone x3  
  100  9:29  Overlord  
  100  9:30  Overlord  
  106  9:34  Swarm Host x2  
  106  9:36  Swarm Host  
  106  9:38  Zergling x4  
  117  9:46  Drone  
  117  9:48  Glial Reconstitution  
  118  10:01  Drone x3  
  118  10:02  Drone x2  
  116  10:30  Zergling x6  
  119  10:37  Hydralisk  
  119  10:38  Hydralisk x4  
  119  10:40  Zerg Missile Weapons Level 2  
  119  10:41  Zerg Ground Armor Level 2  
  129  10:48  Drone  
  130  10:50  Hatchery  
  129  11:06  Nydus Canal  
  129  11:10  Overlord x2  
  129  11:11  Overlord x2  
  129  11:19  Pathogen Glands  
  129  11:35  Nydus Canal  
  129  11:40  Overlord x2, Hydralisk  
  129  11:41  Hydralisk x2  
  129  11:42  Roach x2  
  129  11:45  Hive  
  139  11:51  Swarm Host x3  
  139  11:52  Swarm Host x3  
  157  11:55  Hydralisk x2  
  161  12:03  Nydus Canal  
  161  12:10  Hydralisk x2  
  161  12:11  Hydralisk x3  
  161  12:12  Roach x2  
  161  12:14  Overlord  
  175  12:17  Drone x2  
  177  12:36  Extractor  
  177  12:37  Drone x2  
  178  12:38  Hydralisk x2  
  178  12:39  Roach x2, Extractor, Hydralisk  
  178  12:43  Nydus Canal  
  187  12:58  Nydus Canal  
  187  13:04  Overlord  
  187  13:05  Overlord  
  187  13:40  Drone x3, Spire  
  189  13:46  Drone x2  
  189  13:47  Drone, Hydralisk x3  
  189  13:48  Hydralisk  
  175  14:31  Roach, Hydralisk x4  
  175  14:32  Roach x4, Hydralisk x2  
  175  14:33  Roach  
  199  14:42  Ultralisk Cavern  
  180  15:12  Zergling x2  
  180  15:13  Zergling x22  
  142  15:31  Ultralisk x4  
  166  15:36  Ultralisk x4  
  188  15:58  Nydus Canal  
  188  16:00  Extractor  
  188  16:03  Hatchery  
  186  16:07  Extractor  
Tags
 
Add a new tag
Caveats
  • Supply blocks, unpowered buildings, or Contaminate may cause inaccurate times.
  • Supply counts are checked every 10 seconds.